 Dungeon Crawl Stone Soup version 0.32-a0-485-g70f7560b1c (webtiles) character file.

Game seed: 10504790252701936148

683 Esekla the Covert (level 7, -3/49 HPs)
             Began as an Octopode Delver on Feb 26, 2024.
             Was an Initiate of Gozag.
             Slain by a crocodile zombie (8 damage)
             ... in an ossuary.
             The game lasted 00:15:03 (1716 turns).

Esekla the Covert (Octopode Delver)                 Turns: 1716, Time: 00:15:04

Health: -3/49      AC:  1    Str: 11    XL:     7   Next: 61%
Magic:  10/10      EV: 14    Int: 14    God:    Gozag
Gold:   269        SH:  0    Dex: 14    Spells: 11/11 levels left

rFire   . . .        s - +2 dagger (venom)
rCold   . . .        (no shield)
rNeg    . . .        (helmet restricted)
rPois   .            (no amulet)
rElec   .            (no ring)
rCorr   .            (no ring)
SInv    .            (no ring)
Will    .....        (no ring)
Stlth   +++++        (no ring)
HPRegen 0.28/turn    (no ring)
MPRegen 0.12/turn    (no ring)
                     (no ring)

%: no passive effects
@: no status effects
A: almost no armour, amphibious, 8 rings, camouflage 1, gelatinous body 1,
(nimble swimmer 1), tentacles
a: Renounce Religion, Potion Petition, Call Merchant, Bribe Branch


You were in an ossuary.
You worshipped Gozag.
Gozag was aware of your devotion.
You visited 2 branches of the dungeon, and saw 3 of its levels.
You also visited: Ossuary.

You collected 288 gold pieces.
You paid 19 gold pieces to Gozag.

Inventory:

Hand Weapons
 a - a +0 falchion
 r - a +0 trident
 s - a +2 dagger of venom (weapon)
Wands
 c - a wand of roots (7)
 f - a wand of digging (3)
Scrolls
 b - 2 scrolls of fog
 d - a scroll of fear
 g - a scroll of teleportation {unknown}


   Skills:
 * Level 4.7 Fighting
 + Level 2.8(3.3) Short Blades
 + Level 2.5(3.2) Long Blades
 * Level 3.8 Dodging
 + Level 8.9 Stealth
 * Level 2.5 Spellcasting


You had 11 spell levels left.
You didn't know any spells.
Your spell library was empty.

Dungeon Overview and Level Annotations

Branches:
Dungeon (5/15)             Temple (1/1) D:5         Ossuary (1/1)

Altars:
Ashenzari
Cheibriados
Dithmenos
Gozag
Hepliaklqana
Kikubaaqudgha
Makhleb
Nemelex Xobeh
Okawaru
Ru
Sif Muna
Trog
Vehumet
Xom
Zin

Shops:
D:4 [[(

Annotations:
D:5 2 transporters, dogverified's ghost, amateur MDCA


Innate Abilities, Weirdness & Mutations

You cannot wear most types of armour.
You are amphibious.
You can wear up to eight rings at the same time.
Your skin changes colour to match your surroundings (Stealth+).
Your rubbery body absorbs attacks. (AC +1, EV +1)
((You are camouflaged when in or above water. (Stealth+)))
You have tentacles for arms and can constrict up to eight enemies at once.


Message History

The crocodile zombie is empowered.
You hit the burial acolyte.
The burial acolyte is almost dead.
You constrict the burial acolyte.
You kill the burial acolyte!
The crocodile zombie bites you!
You hit the crocodile zombie but do no damage.
You squeeze the crocodile zombie, but do no damage.
The crocodile zombie closely misses you.
You hit the crocodile zombie. You squeeze the crocodile zombie!
The crocodile zombie is moderately damaged.
You hit the crocodile zombie.
The crocodile zombie is moderately damaged.
The crocodile zombie bites you.
You hit the crocodile zombie.
The crocodile zombie is heavily damaged.
The crocodile zombie bites you.
You hit the crocodile zombie but do no damage.
You squeeze the crocodile zombie.
The crocodile zombie is heavily damaged.
The crocodile zombie no longer looks unusually strong.
The crocodile zombie is no longer moving quickly.
You hit the crocodile zombie. You squeeze the crocodile zombie!
The crocodile zombie is severely damaged.
The crocodile zombie barely misses you.
You hit the crocodile zombie. You squeeze the crocodile zombie.
The crocodile zombie is severely damaged.
The crocodile zombie bites you!
* * * LOW HITPOINT WARNING * * *
You hit the crocodile zombie.
You squeeze the crocodile zombie, but do no damage.
The crocodile zombie is almost destroyed.
You closely miss the crocodile zombie.
The crocodile zombie is almost destroyed.
The crocodile zombie misses you.
You hit the crocodile zombie.
The crocodile zombie is almost destroyed.
The crocodile zombie bites you!
You die...
Your body crumbles into a pile of gold.

########### #####
.#...#!?!!# #...#
.'.∩.#!$$?+ +...#
.#...#!!!!# #.Z.#
.##### ### #...# .#
#.Z.# '# #'### .#
#.$.# .# #.@.# .#
#Z..# .# #...# ##
#'### .# #...# .#
#...# .# #...# .#
#...#
#################'#


You could see a crocodile zombie.

Vanquished Creatures
  10 water moccasin zombies (Ossuary)
  A burial acolyte (Ossuary)
  A spectral scorpion (Ossuary)
  2 adders (D:4)
  3 adder zombies (Ossuary)
  2 endoplasms (D:4)
  8 gnoll zombies (Ossuary)
  3 goblins (D:4)
  A hobgoblin (D:4)
  A kobold (D:4)
  2 jackal zombies (Ossuary)
34 creatures vanquished.

Notes
Turn   | Place    | Note
-------+----------+-------------------------------------------
     0 | D:5      | Esekla the Octopode Delver began the quest for the Orb.
     0 | D:5      | Reached XP level 1. HP: 16/16 MP: 1/1
     8 | D:5      | Identified the +1 ring mail "Wuuhiut" {rC+ Will+}
     8 | D:5      | Identified the +0 buckler "Kymoesch" {rElec rF+}
     8 | D:5      | Noticed a gnoll sergeant
    12 | D:5      | Found a transporter.
    49 | D:5      | Noticed a jelly
    95 | D:5      | Noticed a scorpion
   110 | D:5      | Found a staircase to the Ecumenical Temple.
   119 | Temple   | Entered the Ecumenical Temple
   143 | D:5      | Noticed a hound
   200 | D:5      | Noticed a phantom
   330 | D:5      | Found a transporter.
   331 | D:5      | Noticed a gnoll sergeant
   331 | D:5      | Noticed dogverified's ghost (amateur MDCA)
   332 | D:5      | Noticed a gnoll bouda
   337 | D:5      | Noticed a hound
   454 | Temple   | Became a worshipper of Gozag Ym Sagoz the Greedy
   510 | D:4      | Found Fuciwo's Antique Armour Shoppe.
   530 | D:4      | Reached XP level 2. HP: 4/21 MP: 2/2
   596 | D:4      | Found Nadghokoq's Antique Armour Shoppe.
   666 | D:4      | Reached skill level 7 in Stealth
   692 | D:4      | Found Ysacy's Antique Weapon Boutique.
   749 | D:4      | Reached XP level 3. HP: 20/26 MP: 3/3
   938 | D:4      | Found a sand-covered staircase.
   956 | Ossuary  | Entered an ossuary
   989 | Ossuary  | Reached skill level 1 in Spellcasting
   989 | Ossuary  | Reached XP level 4. HP: 12/32 MP: 3/5
  1149 | Ossuary  | Reached skill level 8 in Stealth
  1149 | Ossuary  | Reached XP level 5. HP: 30/37 MP: 6/6
  1202 | Ossuary  | Reached skill level 1 in Short Blades
  1227 | Ossuary  | Reached XP level 6. HP: 32/43 MP: 8/8
  1395 | Ossuary  | Reached XP level 7. HP: 49/49 MP: 10/10
  1716 | Ossuary  | Slain by a crocodile zombie

Illustrated notes

Levels and vault maps discovered:
D:4:      layout_basic, serial_shops, nicolae_stop_n_shop_1,
          nicolae_stop_n_shop_1, shop, chequers_ossuary_entry_cave
D:5:      layout_gridville, minmay_temple_entry_poolview,
          gammafunk_ghost_gnarly_gnolls, kennysheep_dice
Temple:   nicolae_temple_superstar
Ossuary:  ossuary_tomb_2

Skill      XL: |  1  2  3  4  5  6 |
---------------+-------------------+-----
Stealth        | 7 8 |  8.9
Spellcasting   | 1 2 |  2.5
Fighting       | 4 |  4.7
Short Blades   | 1 2 |  2.8
Dodging        | 3 |  3.8
Long Blades    | |  2.5

Action                     |  1- 3 |  4- 6 |  7- 9 || total
---------------------------+-------+-------+-------++-------
  Melee: Falchion          |     9 |       |       ||     9
         Tentacles         |     3 |    11 |    18 ||    32
         Dagger            |    27 |    38 |    55 ||   120
         Constrict         |     5 |     9 |     9 ||    23
    Use: Scroll            |     2 |       |       ||     2
         Potion            |     1 |     1 |       ||     2
   Stab: Sleeping          |     4 |     7 |       ||    11
 Armour: Skin              |    19 |    17 |    25 ||    61
  Dodge: Dodged            |    12 |    11 |    19 ||    42

Table legend: (Time is in decaauts)
 A = Elapsed time spent in this place.
 B = Non-inter-level travel time spent in this place.
 C = Inter-level travel time spent in this place.
 D = Time resting spent in this place.
 E = Time spent auto-exploring this place.
 F = Levels seen in this place.
 G = Mean time per level.
                   A        B        C        D        E       F      G
               +--------+--------+--------+--------+--------+-----+--------+
         Total |   1685 |   1647 |     38 |    427 |      0 |   4 |  421.2 |
       Dungeon |    916 |    915 |      1 |     24 |      0 |   2 |  458.0 |
        Temple |     41 |      4 |     37 |      0 |      0 |   1 |   41.0 |
       Ossuary |    728 |    728 |      0 |    403 |      0 |   1 |  728.0 |
               +--------+--------+--------+--------+--------+-----+--------+

Top non-repeatable levels by time:
 Ossuary: 728 daAuts
     D:5: 470 daAuts
     D:4: 446 daAuts
  Temple: 41 daAuts
